[Event "35th Staufer-Open-A 2025"]
[Site "Schwaebisch Gmuend"]
[Date "2025.01.05"]
[Round "8.1"]
[White "Visakh N R"]
[Black "Noe, Christopher"]
[Result "1/2-1/2"]
[ECO "D41"]
[WhiteElo "2501"]
[BlackElo "2509"]
[Annotator "TA"]
[PlyCount "78"]
[EventDate "2024.11.24"]
[EventType "swiss"]
[EventCountry "GER"]
[SourceTitle "playchess.com"]
[Source "ChessBase"]
[SourceQuality "1"]
[TimeControl "40/6000+30:1200+30"]

1. Nf3 Nf6 2. c4 c5 3. Nc3 d5 4. cxd5 Nxd5 5. e4 Nxc3 6. bxc3 e6 7. d4 cxd4 8. cxd4 Bb4+ 9. Bd2 Bxd2+ 10. Qxd2 O-O 11. Bc4 Nd7 12. O-O b6 13. Rfe1 Bb7 14. Rad1 Rc8 15. Bb3 Re8 16. h3 h6 17. Re3 Nf6 18. Qe2 Qe7 19. Ne5 Red8 {[%emt 0:03:25] [#]} 20. d5 $1 Qc7 (20... exd5 $2 21. exd5 Nxd5 22. Ng6 $16) 21. Ng4 Nxg4 22. Qxg4 exd5 23. exd5 Qd6 $1 {[%emt 0:00:42] Wards off Qb4} 24. Rg3 Qe5 {[%emt 0:09:36] [#]} (24... Qf6 $11 {keeps the balance.}) 25. d6 $1 $16 Rc3 {[%emt 0:00:58] [#] Repels Re3} 26. Rxc3 $1 Qxc3 27. d7 Qf6 {[%emt 0:17:49] Repels Qh4} 28. Bd5 {[%emt 0:04:00] White has more active pieces. Black is weak on the light squares} ({White should try} 28. Qc4 $16) 28... Bc6 (28... Bxd5 $14 29. Rxd5 Qe6) 29. Bxc6 Qxc6 {[%emt 0:00:02][%mdl 4096] Endgame KQR-KQR} 30. Qf5 f6 31. Rd4 Kf7 32. Qd3 b5 33. Qb3+ Ke7 34. Qb4+ Kf7 35. Rd6 Qc1+ 36. Kh2 Qc4 37. Qd2 Ke7 {[%emt 0:00:19] Hoping for ...Qc7.} 38. g3 Qc7 39. Rd5 Rxd7 1/2-1/2

[Event "35th Staufer-Open-A 2025"]
[Site "Schwaebisch Gmuend"]
[Date "2025.01.05"]
[Round "8.2"]
[White "Peng, Li Min"]
[Black "Hagner, Bennet"]
[Result "1/2-1/2"]
[ECO "E51"]
[WhiteElo "2518"]
[BlackElo "2407"]
[Annotator "TA"]
[PlyCount "41"]
[EventDate "2024.11.24"]
[EventType "swiss"]
[EventCountry "GER"]
[SourceTitle "playchess.com"]
[Source "ChessBase"]
[SourceQuality "1"]
[TimeControl "40/6000+30:1200+30"]

1. d4 Nf6 2. c4 e6 3. Nc3 Bb4 4. e3 O-O 5. Bd2 d5 6. Nf3 b6 7. cxd5 exd5 8. Rc1 Bb7 9. Bd3 Re8 10. O-O Bf8 11. Ne5 c5 12. f4 Nc6 13. Ne2 Rc8 14. Be1 Ne4 15. Bxe4 dxe4 16. Nxf7 Kxf7 17. Qb3+ c4 $1 18. Qxc4+ Kg6 $1 19. f5+ Kh6 {[%emt 0:00:06][%cal Oc6b4] Hoping for ...Nb4!.} 20. Bg3 Ne5 {[%emt 0:00:29] Dodges Qf7} 21. Qg8 1/2-1/2

[Event "35th Staufer-Open-A 2025"]
[Site "Schwaebisch Gmuend"]
[Date "2025.01.05"]
[Round "8.3"]
[White "Stork, Oliver"]
[Black "Korneev, Oleg"]
[Result "1/2-1/2"]
[ECO "A28"]
[WhiteElo "2396"]
[BlackElo "2486"]
[Annotator "TA"]
[PlyCount "48"]
[EventDate "2024.11.24"]
[EventType "swiss"]
[EventCountry "GER"]
[SourceTitle "playchess.com"]
[Source "ChessBase"]
[SourceQuality "1"]
[TimeControl "40/6000+30:1200+30"]

1. c4 e5 2. Nc3 Nc6 3. Nf3 Nf6 4. a3 d5 5. cxd5 Nxd5 6. Qc2 Nxc3 7. dxc3 Be7 8. e4 Qd6 9. Bb5 Qg6 10. O-O Bh3 11. Ne1 O-O 12. f3 Bd7 13. Nd3 Nb4 14. axb4 Bxb5 15. Nxe5 Qd6 {[%emt 0:02:32] [#]} (15... Qb6+ $11 {keeps the balance.} 16. Rf2 Rad8) 16. Rd1 $1 $16 Qe6 17. Ng4 {[%emt 0:07:09] White is more active.} f5 18. Nf2 ({White should play} 18. exf5 $16 Rxf5 19. Be3) 18... Bd6 19. Be3 b6 20. Re1 f4 21. Bd2 Bc4 22. Ra3 c5 23. Nd3 Rad8 {[%emt 0:01:34] ...Bxd3 would now be deadly.} 24. e5 (24. Rxa7 $2 Bxd3 (24... Bb8 $2 25. Nxf4 Qd6 26. Rb7 $19) 25. Qc1 (25. Qxd3 $2 {too greedy.} Bb8 $19) 25... Bc4 $19) 24... Bxd3 1/2-1/2

[Event "35th Staufer-Open-A 2025"]
[Site "Schwaebisch Gmuend"]
[Date "2025.01.05"]
[Round "8.4"]
[White "Gschnitzer, Adrian"]
[Black "Kolb, Tobias"]
[Result "1/2-1/2"]
[ECO "B12"]
[WhiteElo "2442"]
[BlackElo "2342"]
[Annotator "TA"]
[PlyCount "21"]
[EventDate "2024.11.24"]
[EventType "swiss"]
[EventCountry "GER"]
[SourceTitle "playchess.com"]
[Source "ChessBase"]
[SourceQuality "1"]
[TimeControl "40/6000+30:1200+30"]

1. e4 c6 2. d4 d5 3. e5 Bf5 4. Nf3 e6 5. Be2 Ne7 6. O-O Ng6 7. a4 Nd7 8. Na3 f6 {[%emt 0:13:38] The position is equal.} 9. exf6 (9. Ne1 $5) 9... Qxf6 10. c4 Bd6 11. Nc2 {[%emt 0:06:44] White did not feel at home in the position after the opening.   Weighted Error Value: White=0.19 (very precise) /Black=0.08 (flawless) .  Inaccurate:     	White=1     	---        OK:         	---       	Black=1      Best:        	---       	Black=1} 1/2-1/2

[Event "35th Staufer-Open-A 2025"]
[Site "Schwaebisch Gmuend"]
[Date "2025.01.05"]
[Round "8.5"]
[White "Langheinrich, Ferenc"]
[Black "Lu, Miaoyi"]
[Result "1/2-1/2"]
[ECO "C67"]
[WhiteElo "2338"]
[BlackElo "2429"]
[Annotator "TA"]
[PlyCount "31"]
[EventDate "2024.11.24"]
[EventType "swiss"]
[EventCountry "GER"]
[SourceTitle "playchess.com"]
[Source "ChessBase"]
[SourceQuality "1"]
[TimeControl "40/6000+30:1200+30"]

1. e4 e5 2. Nf3 Nc6 3. Bb5 Nf6 4. O-O Nxe4 5. Re1 Nd6 6. Nxe5 Be7 7. Bf1 Nxe5 8. Rxe5 O-O 9. d4 Bf6 10. Re1 Re8 11. Rxe8+ Nxe8 {[%emt 0:00:12] The position is equal.} 12. c3 d5 13. Bf4 g6 14. Nd2 Ng7 15. Nf3 c6 16. a4 {[%emt 0:01:39] A rather calm draw.   Weighted Error Value: White=0.01 (flawless) /Black=0.03 (flawless) .  OK:         	White=3     	Black=1} 1/2-1/2

[Event "35th Staufer-Open-A 2025"]
[Site "Schwaebisch Gmuend"]
[Date "2025.01.05"]
[Round "8.6"]
[White "Senthil Maran K"]
[Black "Toktomushev, Teimur"]
[Result "1/2-1/2"]
[ECO "E06"]
[WhiteElo "2398"]
[BlackElo "2262"]
[Annotator "TA"]
[PlyCount "60"]
[EventDate "2024.11.24"]
[EventType "swiss"]
[EventCountry "GER"]
[SourceTitle "playchess.com"]
[Source "ChessBase"]
[SourceQuality "1"]
[TimeControl "40/6000+30:1200+30"]

1. c4 e6 2. g3 d5 3. Bg2 Nf6 4. Nf3 Be7 5. d4 O-O 6. O-O c6 7. Qc2 b6 8. Nbd2 c5 9. Ne5 Bb7 10. Ndf3 Nbd7 11. Bf4 cxd4 (11... Rc8 {simplifies} 12. dxc5 Bxc5 13. Rad1 Nxe5 14. Bxe5 Qe7) 12. cxd5 Nxd5 13. Nxd4 Rc8 14. Nec6 Nxf4 15. gxf4 Qe8 16. Qa4 a6 17. Nxe7+ Qxe7 18. Bxb7 Nc5 $1 19. Qb4 Qxb7 (19... Nxb7 $2 {loses.} 20. Qxe7 Nc5 21. Rfc1 $18) 20. Nf3 a5 21. Qa3 (21. Qd2 $11) 21... Na6 22. Rac1 Nb4 23. Ne5 h6 24. Qb3 Qe4 {[%emt 0:02:58][%csl LRe2,LRf4] White must now prevent ...Rxc1.} 25. e3 Nd5 26. Qd3 Qxd3 27. Nxd3 Rfd8 28. Rxc8 Rxc8 29. Rc1 Rxc1+ 30. Nxc1 Kf8 1/2-1/2

[Event "35th Staufer-Open-A 2025"]
[Site "Schwaebisch Gmuend"]
[Date "2025.01.05"]
[Round "8.7"]
[White "Dgebuadze, Alexandre"]
[Black "Schmitz, Thorsten"]
[Result "1-0"]
[ECO "C60"]
[WhiteElo "2414"]
[BlackElo "2244"]
[Annotator "TA"]
[PlyCount "35"]
[EventDate "2024.11.24"]
[EventType "swiss"]
[EventCountry "GER"]
[SourceTitle "playchess.com"]
[Source "ChessBase"]
[SourceQuality "1"]
[TimeControl "40/6000+30:1200+30"]

1. e4 e5 2. Nf3 Nc6 3. Bb5 g6 4. c3 a6 5. Bc4 Bg7 6. d4 b5 7. Bd5 exd4 (7... Nge7 $1 $11) 8. Ng5 $14 {[%emt 0:04:30] White is more active.} (8. Nxd4 Nge7 $11) 8... Nh6 9. cxd4 Bxd4 {[%emt 0:11:37] [#]} 10. Nc3 (10. e5 $1 $16 {and Nf3 should not be overlooked} O-O (10... Bxe5 11. O-O $16) 11. Ne4) 10... Bg7 11. O-O $36 {[%emt 0:05:06][%mdl 2048] White fights for an advantage.} Rb8 12. Nf3 f6 $2 {[%emt 0:17:53] [#] Prevents Bg5.} (12... O-O $14) 13. e5 $1 $18 Nxe5 14. Nxe5 fxe5 15. Ne4 c6 $2 (15... Nf7 {is more resistant.} 16. Bxf7+ Kxf7) 16. Nd6+ Kf8 17. Bb3 Nf5 18. Nxf5 1-0

[Event "35th Staufer-Open-A 2025"]
[Site "Schwaebisch Gmuend"]
[Date "2025.01.05"]
[Round "8.8"]
[White "Harshavardhan G B"]
[Black "Lesny, Florian"]
[Result "1-0"]
[ECO "D37"]
[WhiteElo "2405"]
[BlackElo "2232"]
[Annotator "TA"]
[PlyCount "85"]
[EventDate "2024.11.24"]
[EventType "swiss"]
[EventCountry "GER"]
[SourceTitle "playchess.com"]
[Source "ChessBase"]
[SourceQuality "1"]
[TimeControl "40/6000+30:1200+30"]

1. d4 d5 2. c4 e6 3. Nc3 Nf6 4. Nf3 a6 5. cxd5 exd5 6. Qb3 c5 7. Bg5 c4 8. Qc2 {[%emt 0:00:08] The position is equal.} Bb4 9. e4 dxe4 10. Bxf6 Bxc3+ (10... Qxf6 $11 11. Qxe4+ Qe6) 11. bxc3 $14 Qxf6 12. Qxe4+ Qe6 13. Ne5 {[%emt 0:01:28] White is more active.} (13. Ng5 $16 Qxe4+ 14. Nxe4) 13... f6 $1 $11 14. Bxc4 Qe7 {[%emt 0:00:14] [#]} 15. O-O $1 fxe5 16. f4 (16. dxe5 Nd7 17. f4 Nc5 $19) 16... g6 $1 (16... exd4 17. Qxd4 Nc6 18. Qb6 $18) 17. fxe5 (17. dxe5 Bf5 18. Qe3 Nd7 $19) 17... Bf5 18. Qe3 $36 {[%emt 0:00:10][%cal Og2g4][%mdl 2048] White has some pressure.} Nc6 19. d5 Na5 (19... Nxe5 20. Rae1 $14) (19... Qxe5 $2 20. Qb6 O-O 21. dxc6+ Kh8 22. cxb7 $18 (22. Qxb7 $2 Qc5+ 23. Kh1 Qxc4 $19)) 20. Be2 {[%emt 0:01:08] Black must now prevent g4.} O-O 21. e6 Rac8 22. g4 Bc2 23. Rac1 ({Better is} 23. Rxf8+ $1 $14 Rxf8 24. Rf1) 23... Rxf1+ (23... Ba4 $1 $11 {remains equal.}) 24. Rxf1 $16 {[%emt 0:04:38] Strongly threatening Rf7. Black is on the road to losing.} ({Of course not} 24. Bxf1 $6 Ba4 $11) 24... Nc4 25. Bxc4 Rxc4 26. h3 Qc5 (26... Re4 $142 27. Qg3 Qc5+ 28. Kh1 Ra4 (28... Qxd5 29. Qb8+) 29. Qb8+ Kg7) 27. Qxc5 Rxc5 {[%emt 0:00:12][%mdl 4096] Endgame. KRB-KR} 28. d6 {[%emt 0:00:42][%cal Bd5d6,Bd6d7][%mdl 32] White threatens d7 and mate.} Rd5 29. d7 {[%emt 0:04:16] Intending e7 and mate.} Ba4 30. c4 $1 Rd2 31. Rf7 Bxd7 ({Weaker is} 31... Rxa2 32. d8=Q+) 32. Rxd7 {[%emt 0:00:40] KR-KR} Re2 33. Rxb7 Rxe6 {[%emt 0:00:11] [#]} 34. Kf2 $1 {[%emt 0:02:20] Repels Re3} Rc6 (34... h5 $16) 35. Rb4 $18 h5 {[%emt 0:02:03] [#]} 36. gxh5 gxh5 37. Ke3 Rc5 $2 (37... Kf7 {is a better defense.} 38. Kd4 Rd6+ 39. Kc5 Rf6) 38. Kd4 Rg5 39. Rb3 Kf7 40. Re3 {[%emt 0:00:24] Hoping for c5.} Rg1 (40... Rg2 $142 41. a4 Rd2+ 42. Kc5 h4) 41. c5 {[%emt 0:20:38] White is clearly winning.} Rc1 42. Kd5 {[%emt 0:01:12] And now c6 would win.} Rc2 43. a3 {[%emt 0:00:42] Weighted Error Value: White=0.09 (flawless) /Black=0.20 (precise) .  Mistake:       	White=2     	Black=6      OK:         	White=22    	Black=11     Best:        	White=6     	Black=7      Strong:       	White=1     	Black=2} 1-0

[Event "35th Staufer-Open-A 2025"]
[Site "Schwaebisch Gmuend"]
[Date "2025.01.05"]
[Round "8.9"]
[White "Degenhard, Simon"]
[Black "Vuckovic, Zarko"]
[Result "0-1"]
[ECO "C95"]
[WhiteElo "2241"]
[BlackElo "2344"]
[Annotator "TA"]
[PlyCount "270"]
[EventDate "2024.11.24"]
[EventType "swiss"]
[EventCountry "GER"]
[SourceTitle "playchess.com"]
[Source "ChessBase"]
[SourceQuality "1"]
[TimeControl "40/6000+30:1200+30"]

1. e4 e5 2. Nf3 Nc6 3. Bb5 a6 4. Ba4 Nf6 5. O-O Be7 6. Re1 b5 7. Bb3 d6 8. c3 O-O 9. h3 Nb8 10. d4 Nbd7 11. Nbd2 Bb7 12. Bc2 Re8 13. Nf1 Bf8 14. Ng3 g6 15. a4 c5 {[%emt 0:00:07] 15...Bg7 might become the main line.} 16. d5 c4 17. Bg5 Nc5 {[%emt 0:00:12] C95: Closed Ruy Lopez: Breyer Variation with 10 d4.} 18. Nh2 h6 19. Be3 Bg7 20. Qd2 Kh7 21. Rf1 Rf8 22. f4 exf4 23. Rxf4 Ncd7 24. Raf1 Ne5 25. Nf3 Nfd7 26. Nd4 Nc5 $146 ({Predecessor:} 26... bxa4 27. Ngf5 gxf5 28. Nxf5 Ng6 29. R4f2 Be5 30. Bxa4 Nf6 31. Bb6 Nxe4 32. Qxh6+ Kg8 33. Bxd8 Raxd8 34. Rf4 Bxd5 35. Rh4 Rfe8 36. Bxe8 Rxe8 37. Qh7+ Kf8 38. Rxe4 {1-0 Luther,T (2580)-Zude,A (2382) Bayern-chI Bank Hofmann 7th 2003 (6)}) 27. axb5 axb5 28. Nxb5 Bc8 29. Nd4 Bd7 30. b4 cxb3 31. Nxb3 Nc4 32. Qe2 Nxe3 33. Qxe3 Nxb3 34. Bxb3 Qe7 35. Ne2 Bb5 36. c4 Be8 37. R4f3 Ra3 38. Qc1 Qa7+ 39. Kh1 Ra1 40. Qc2 Bd7 41. Rxa1 Qxa1+ 42. Qc1 Qe5 43. Qf4 Kg8 44. Qxe5 Bxe5 45. g4 Kg7 46. Kg2 Rh8 47. Nf4 Rb8 48. Ne2 Be8 49. Kf2 Kf8 50. Ke1 Ke7 51. Kd2 Ra8 52. Kc2 Ra1 53. Nc1 Bd4 54. Rd3 Be5 55. Rf3 Ra5 56. Nd3 Bd4 57. Rf1 g5 58. Nb4 f6 59. Rd1 Bc5 60. Nd3 Be3 61. Re1 Bd4 62. Nb4 Ra8 63. Rd1 Bc5 64. Nd3 Be3 65. Re1 Bd4 66. Nb4 Bf2 67. Rf1 Bc5 68. Nd3 ({Less strong is} 68. Nc6+ $18) 68... Bd4 69. Nb4 Bd7 70. Rd1 Bc5 71. Nc6+ Bxc6 72. dxc6 Ra6 73. Rd5 Rxc6 74. Ba4 Ra6 75. Kb3 Ke6 76. Rf5 Ra7 77. Rf3 Ra8 78. Rd3 Rb8+ 79. Bb5 Ke5 80. Kc3 Rb6 ({Of course not} 80... Kxe4 81. Bc6+ Ke5 82. Rd5+ Ke6 83. Rf5 $11) 81. Rf3 Kxe4 82. Rf1 d5 83. Re1+ Be3 84. Rd1 dxc4 ({Much weaker is} 84... d4+ $6 85. Kc2 $11) 85. Bxc4 Kf4 86. Bf1 Kf3 87. Rd5 Kf2 88. Rd1 (88. Bb5 $15) 88... Bf4 89. Kc4 Rb8 90. Ra1 Rd8 91. Rb1 Be5 92. Kc5 Rd2 93. Kc4 Kg3 94. Kc5 Kh4 95. Re1 Rd8 96. Kc4 Kg3 97. Kc5 Kf2 98. Rb1 Rd4 99. Rc1 Re4 100. Kd5 {[%emt 0:00:19] [#]} Re3 $1 101. Rd1 Bc3 102. Bd3 Rxh3 103. Ke4 $2 (103. Bg6 $17) 103... h5 $19 104. gxh5 Rxh5 105. Kf5 (105. Rf1+ $142 Kg2 106. Rc1) 105... Rh4 $19 106. Rf1+ Ke3 (106... Kg2 $142 {...Be5 is the strong threat.} 107. Rc1 Rf4+ 108. Kg6 Be5 109. Rc2+ Kf3) 107. Ba6 (107. Bb5 {is the only way for White.}) 107... Rb4 108. Rg1 Rf4+ 109. Kg6 Be5 110. Bc8 Bd4 (110... Kf3 $19 {And now ...Rb4 would win.} 111. Rc1 Rb4) 111. Rg3+ Ke2 112. Rg2+ Kd3 113. Rg3+ Kc4 114. Rg4 Rf2 115. Rg1 Kd5 116. Re1 Rf4 117. Bb7+ Kc5 118. Re4 Rf2 119. Bc8 Kc4 120. Re1 Rf4 121. Re2 Bf2 ({Black should play} 121... Kc5 $17 122. Bf5 Be5) 122. Re6 $11 Bd4 ({Black should try} 122... Rd4 $11) 123. Re2 $1 $17 Kc3 124. Bd7 Kb4 125. Bc8 Kb5 126. Bd7+ Kb6 127. Bc8 Be5 128. Rc2 Kb5 129. Bd7+ Ka5 130. Ra2+ Kb6 131. Rc2 Rd4 132. Be6 g4 133. Rc4 $2 (133. Ba2 $19) 133... Rxc4 134. Bxc4 Kc5 135. Ba6 Kd4 0-1

[Event "35th Staufer-Open-A 2025"]
[Site "Schwaebisch Gmuend"]
[Date "2025.01.05"]
[Round "8.10"]
[White "Ferster, Fabian"]
[Black "Ehmann, Thilo"]
[Result "1-0"]
[ECO "A20"]
[WhiteElo "2231"]
[BlackElo "2335"]
[Annotator "TA"]
[PlyCount "65"]
[EventDate "2024.11.24"]
[EventType "swiss"]
[EventCountry "GER"]
[SourceTitle "playchess.com"]
[Source "ChessBase"]
[SourceQuality "1"]
[TimeControl "40/6000+30:1200+30"]

1. c4 Nf6 2. g3 e5 3. Bg2 c6 4. Nf3 e4 5. Nd4 d5 6. cxd5 Qxd5 7. e3 Qe5 8. f4 exf3 9. Nxf3 Qh5 10. O-O Be7 11. Nc3 O-O 12. d4 Nbd7 13. e4 Nb6 14. a4 a5 15. Qb3 (15. Ne2 $16) 15... Ra6 (15... Bb4 $14) 16. Bf4 (16. Nh4 $16) 16... Be6 $14 17. Qc2 Bh3 18. Rae1 Nfd7 19. Bxh3 Qxh3 20. Qb3 (20. Nd1 $16) 20... h6 21. Kh1 Bb4 22. Bd2 Qe6 23. d5 ({White should try} 23. Qc2 $11) 23... cxd5 $15 24. exd5 Qd6 25. Rd1 Qc5 26. Bc1 (26. Nh4 $11 {keeps the balance.}) 26... Bxc3 27. bxc3 {[%emt 0:00:18] and Ba3 should not be overlooked} Rc8 28. Nh4 Qxc3 (28... Qc4 {simplifies} 29. Qxc4 Rxc4 30. Nf5 Nxa4 31. Rde1 Nac5) 29. Qb5 Re8 {[%emt 0:02:02] ...Qc2 would now be deadly.} 30. Nf5 Qb4 $2 {[%emt 0:00:56][%mdl 8192] [#]} (30... Qc2 $11 {and Black has nothing to worry.} 31. Rd4 Re2) 31. Rd4 $1 $18 Re1 $2 (31... Qxb5 32. axb5 Raa8) 32. Rxb4 Rxf1+ 33. Qxf1 1-0

[Event "35th Staufer-Open-A 2025"]
[Site "Schwaebisch Gmuend"]
[Date "2025.01.05"]
[Round "8.11"]
[White "Melestean, Timur"]
[Black "Velicka, Petr"]
[Result "0-1"]
[ECO "D33"]
[WhiteElo "2157"]
[BlackElo "2332"]
[Annotator "TA"]
[PlyCount "150"]
[EventDate "2024.11.24"]
[EventType "swiss"]
[EventCountry "GER"]
[SourceTitle "playchess.com"]
[Source "ChessBase"]
[SourceQuality "1"]
[TimeControl "40/6000+30:1200+30"]

1. d4 Nf6 2. c4 e6 3. Nf3 d5 4. Nc3 c5 5. cxd5 exd5 6. g3 Nc6 7. Bg2 cxd4 8. Nxd4 Bc5 9. Nxc6 bxc6 10. O-O O-O 11. Qc2 Bb6 12. Na4 Bb7 13. Nc5 Qe7 14. Nxb7 Qxb7 15. b3 Rfe8 16. Bb2 Ne4 17. e3 Qd7 18. Rfd1 f5 19. Bd4 Qe6 20. b4 Bxd4 21. Rxd4 a5 22. Bxe4 fxe4 23. b5 cxb5 24. Qb3 b4 25. Rad1 (25. Qxd5 Qxd5 26. Rxd5 Rec8 $15) 25... h6 26. Rxd5 Kh7 27. Qa4 Qg4 (27... Qa6 $11) 28. Rf1 $1 $16 (28. Rxa5 $2 Rxa5 29. Qb3 Rxa2 $19) 28... Qh3 (28... Rec8 $142) 29. Qb5 (29. Rxa5 $16 Rab8 30. Qb3) 29... Re7 $11 30. Qc5 Raa7 31. Rfd1 Qg4 32. Rd8 Rad7 33. Qc2 (33. R1xd7 $11 {remains equal.} Rxd7 34. Rxd7 (34. Qxa5 $2 Qd1+ 35. Kg2 Rxd8 $19) 34... Qxd7 35. Qxa5) 33... Rxd1+ (33... Qxd1+ $17 34. Qxd1 Rxd1+ 35. Rxd1 a4) 34. Rxd1 $11 Rc7 35. Qxc7 Qxd1+ 36. Kg2 Qd5 37. Qc2 h5 38. h4 Kg6 39. f3 Qd3 40. Qc6+ Kh7 41. fxe4 (41. Qxe4+ $2 {perishes.} Qxe4 42. fxe4 a4 $19) 41... Qe2+ 42. Kh1 Qxa2 43. Qb5 Qb1+ 44. Kh2 $1 Qc2+ (44... Qxe4 45. Qxh5+ Kg8 46. Qxa5 $15) 45. Kh3 Qc8+ 46. Kh2 g6 ({Don't take} 46... Qc2+ 47. Kh3 $17) 47. Qxa5 Qc2+ 48. Kg1 Qxe4 49. Qa7+ Kh6 50. Qb8 (50. Qf7 $11) 50... Qxe3+ $17 51. Kg2 {[%emt 0:00:00] [#]} Qe4+ (51... Qd2+ $1 $17 52. Kh3 Kg7 53. Qb7+ Kf6 54. Qc6+ Kg7 55. Qb7+) 52. Kh2 $15 Kg7 53. Qb6 $2 (53. Qc7+ $15 Kf8 54. Qb8+ Kf7 55. Qc7+ Ke6 56. Qc5) 53... Qc2+ $19 54. Kh3 $2 {[%emt 0:00:00] [#]} (54. Kg1 b3 55. Qd4+ Kf7 56. g4 hxg4 57. Qf4+ Ke7 58. Qb4+ Kf6 59. Qf4+ Qf5 60. Qd6+ Qe6 61. Qf4+ Ke7 62. Qc7+ Kf8 63. Qd8+ Kg7 64. Qd4+ Qf6 65. Qa7+ Qf7 66. Qd4+ Kg8 67. Kh2) 54... Qc4 $1 $19 55. Qb7+ Kf6 56. Qb8 Qe6+ 57. Kg2 b3 58. Qf8+ $2 (58. Qf4+ Kg7 59. Qd4+ Qf6 60. Qa7+ Qf7 61. Qd4+ Kg8 62. Qb4) 58... Ke5 $19 59. Qf4+ Kd5 60. Qd2+ Kc4 61. Qf4+ Kd3 62. Qf3+ Kd2 63. Qf4+ Qe3 64. Qb4+ Kd1 65. Qa4 Qe2+ 66. Kg1 Qe3+ 67. Kg2 Qd3 68. Kh3 Ke2 69. Qb4 Qf5+ 70. Kh2 Qc2 71. Kh3 b2 72. Qb5+ Kf2 73. Qb6+ Kf1 74. Qa6+ Kg1 75. Qb6+ Qf2 0-1

[Event "35th Staufer-Open-A 2025"]
[Site "Schwaebisch Gmuend"]
[Date "2025.01.05"]
[Round "8.12"]
[White "Boder, Jan"]
[Black "Sydykov, Bayastan"]
[Result "1/2-1/2"]
[ECO "A20"]
[WhiteElo "2324"]
[BlackElo "2221"]
[Annotator "TA"]
[PlyCount "39"]
[EventDate "2024.11.24"]
[EventType "swiss"]
[EventCountry "GER"]
[SourceTitle "playchess.com"]
[Source "ChessBase"]
[SourceQuality "1"]
[TimeControl "40/6000+30:1200+30"]

1. c4 e5 2. g3 Nf6 3. Bg2 c6 4. d4 e4 5. d5 Bb4+ 6. Bd2 Qe7 7. Nc3 O-O 8. Nh3 cxd5 9. cxd5 d6 10. Nxe4 Bxh3 $1 11. Nxf6+ Qxf6 12. Bxh3 Qxb2 13. Bxb4 Qxb4+ 14. Qd2 Qxd2+ 15. Kxd2 Na6 16. e4 Nc5 17. Rhe1 Rae8 18. f3 Re5 19. Rac1 (19. Re2 $11) 19... Kh8 (19... Rh5 $17 20. Bf1 Rxh2+ 21. Re2 Rxe2+ 22. Bxe2 Re8) 20. Kc3 (20. Bg2 $14) 1/2-1/2

[Event "35th Staufer-Open-A 2025"]
[Site "Schwaebisch Gmuend"]
[Date "2025.01.05"]
[Round "8.13"]
[White "Melestean, Maxim"]
[Black "Dolzhykova, Kateryna"]
[Result "1/2-1/2"]
[ECO "A45"]
[WhiteElo "1962"]
[BlackElo "2299"]
[Annotator "TA"]
[PlyCount "53"]
[EventDate "2024.11.24"]
[EventType "swiss"]
[EventCountry "GER"]
[SourceTitle "playchess.com"]
[Source "ChessBase"]
[SourceQuality "1"]
[TimeControl "40/6000+30:1200+30"]

1. d4 Nf6 2. Bg5 Ne4 3. h4 c5 4. dxc5 Qa5+ 5. Nd2 Nxg5 6. hxg5 g6 7. c3 Bg7 (7... Qxc5 $11 8. Ne4 Qb6) 8. Nb3 $16 Qc7 9. e3 a5 10. a4 Na6 11. Qd5 Rb8 12. Bb5 O-O 13. Nf3 {[%emt 0:02:41] White has more active pieces.} (13. O-O-O $16) 13... b6 $1 $14 14. c6 e6 $2 {[%emt 0:17:00] [#] Black is weak on the light squares} (14... dxc6 $16 15. Qxc6 Bb7) 15. Qc4 Nc5 16. Nxc5 bxc5 17. cxd7 ({Resist} 17. Qxc5 $6 Bb7 $16) (17. Qh4 $18 Rd8 18. O-O-O (18. Qxh7+ Kf8 $18)) 17... Bxd7 $16 18. Qh4 (18. O-O-O $16 Bxb5 19. axb5) 18... Rfd8 $14 19. Qxh7+ Kf8 20. O-O Bxb5 21. axb5 Rxb5 22. Qh2 $36 {[%emt 0:01:58][%mdl 2048] White has good play.} Qxh2+ 23. Kxh2 c4 24. Kg3 Rd3 (24... Rxb2 $11 {remains equal.} 25. Rxa5 Rc2) 25. Ra2 $16 {[%emt 0:00:38] White is better.} Ke7 26. Rfa1 Rdd5 27. e4 {[%emt 0:03:52] Weighted Error Value: White=0.32/Black=0.30.  Loses game:     	---       	Black=1      Mistake:       	White=3     	Black=2      Inaccurate:     	White=2     	Black=2      OK:         	White=6     	Black=3      Best:        	White=1     	Black=1      Strong:       	---       	Black=1} 1/2-1/2